woodfighter, neutral female human Healer --------------- --------------- |........<....| #########..............| |.............| # |.............| |.............| ####[#########`###..............| |..............#### ############### ` -.------------- |.............| # #-------------# ### ## ------|----.--- ### ###.`.........`|# # # ########## # #%#|.....`.....|### # # #####% |...--.--...+# # ## #### |...|.{.|...|# # ---------.----#### |..`|{.{|`..|# ---------------- |............-#### |...|.{.|...|###### |..............| |............|# ### |...-----...|######`#-....).........| |............|# # |.....`.....| ###|..............| |........I...+# ##.`.........`| #-..............| |.......(>^..| ------------- ---------------- -------------- woodfighter the Empiric Experience level: 4 Strength: 9 Dexterity: 13 Constitution: 18 Intelligence: 9 Wisdom: 13 Charisma: 16 Health: 0(48) Energy: 33(33) Def: 0 Gold: 0 Moves: 2207 Dungeon seed: srLbp34ALVwu0-kk Game ID: woodfighter_1503043928 Spells and supernatural/magical abilities: Name Level Category Fail Memory h - healing 1 healing 8% 89% x - extra healing 3 healing 35% 89% S - stone to flesh 3 healing 48% 89% W - pray for help -- divine ? -- Your skills at the end: Miscellaneous Skills wands [Basic] Weapon Skills knife [Basic] Spellcasting Skills healing spells [Basic] Final Attributes: You were devoutly aligned. You were poison resistant. You were telepathic. You were very stealthy. You are dead. Vanquished creatures: a giant ant a floating eye a kitten a dwarf a homunculus an iguana a gas spore a large kobold 3 geckos 4 cave spiders a red mold a gnome a garter snake 3 jackals a fox 2 kobolds 3 newts 2 sewer rats 5 grid bugs a bat 2 lichens 37 creatures vanquished. Voluntary challenges: You did not adorn yourself with jewelry or accessories. You did not cause conflict. You were not invisible. You did not have reflection. You were not displaced. You were an atheist. You used a wielded weapon 82 times, starting on turn 135. You did not apply a unicorn horn. You did not use plumbed fixtures. You did not drink any magical draughts. You were illiterate. You never genocided any monsters. You never polymorphed an object. You never changed form. You used no wishes. You never split a pudding. You never wrote Elbereth's name. You never violated your personal moral code. Dungeon overview: The Dungeons of Doom: levels 1 to 6 Level 1 a long staircase Level 2 a jewelry store Level 3 some fountains Level 4 stairs to The Gnomish Mines Level 5 <- You were here many fountains Level 6 some fountains, a sink stairs to Sokoban The Gnomish Mines: Level 5 stairs to The Dungeons of Doom Sokoban: Level 5 a magic chest stairs to The Dungeons of Doom History has recorded: On T:1 you entered the Dungeons of Doom to retrieve the Amulet of Yendor! On T:32 you reached level 2 of The Dungeons of Doom. On T:318 you reached level 3 of The Dungeons of Doom. On T:762 you advanced to experience level 2. On T:880 you reached level 4 of The Dungeons of Doom. On T:1067 you reached level 1 of The Gnomish Mines. On T:1124 you reached level 5 of The Dungeons of Doom. On T:1210 you advanced to experience level 3. On T:1280 you reached level 6 of The Dungeons of Doom. On T:1452 you advanced to experience level 4. On T:1721 you reached level 4 of Sokoban. On T:1793 you opened a magic chest. Score breakdown: Gold: 0 ( 0 points) Experience: 4 levels ( 300 points) Exploration: 6 levels ( 150 points) Discoveries: 1 item ( 50 points) Variety of kills: 21 monsters ( 1050 points) Major goal: (nothing yet) ( 0 points) Survival: died (score multiplied by 3) Total score: 4650 Latest messages: You stop searching. You faint from lack of food. You come to. You stop searching. You faint from lack of food. You come to. You stop searching. You faint from lack of food. You come to. You faint from lack of food. You come to. You faint from lack of food. You come to. You faint from lack of food. You come to. You faint from lack of food. You come to. You faint from lack of food. You come to. The baby crocodile bites! You faint from lack of food. Something bites! (16x) You come to. The baby crocodile bites! You faint from lack of food. Something bites! (2x) You die... Not carrying anything. Final status: Goodbye woodfighter the Healer, killed by a baby crocodile, while fainted from lack of food... You died in The Dungeons of Doom on dungeon level 5 with 4650 points, and 0 pieces of gold, after 2207 moves. You were level 4 with a maximum of 48 hit points when you died.